 Dungeon Crawl Stone Soup version bcrawl-1.39.1 (console) character file.

Game seed: 5868342983978459083

152995 Lexodia the Conjurer (level 4, 0/24 HPs)
             Began as an Avariel Fire Elementalist on July 31, 2023.
             Slain by a crimson imp (1 damage)
             ... on level 3 of the Dungeon.
             The game lasted 00:08:04 (1452 turns).

Lexodia the Conjurer (Avariel Fire Elementalist)    Turns: 1452, Time: 00:08:05

Health: 0/24       AC:  2    Str:  6    XL:     4   Next: 51%
Magic:  12/12      EV: 12    Int: 22    God:
Gold:   106        SH:  0    Dex: 13    Spells: 5/11 levels left

rFire    . . .     GDR:     25% f - +0 whip
rCold    . . .     SeeInvis .   (no shield)
rNeg     . . .     Gourm    .   a - +0 robe
rPois    .         Faith    .   (no helmet)
rElec    .         Spirit   .   (no cloak)
rCorr    .         Reflect  .   (no gloves)
MR       .....                  (no boots)
Stlth    ++........             h - amulet of the acrobat
HPRegen  0.14/turn              (no ring)
MPRegen  0.13/turn              (no ring)

@: no status effects
A: no striking features
a: no special abilities


You were on level 3 of the Dungeon.
You were very hungry.

You visited 1 branch of the dungeon, and saw 4 of its levels.

You collected 106 gold pieces.

Inventory:

Hand Weapons
 f - a +0 whip (weapon)
 p - a +0 spear
Missiles
 d - 267 stones (quivered)
Armour
 a - a +0 robe (worn)
Jewellery
 h - an amulet of the acrobat (around neck)
Wands
 c - a wand of flame (4)
Scrolls
 b - a scroll of immolation {unknown}
 i - 3 scrolls of identify
 j - 3 scrolls of remove curse {unknown}
 k - a scroll of fear {unknown}
 n - a scroll of blinking {unknown}
 o - a scroll of fog {unknown}
Potions
 g - 2 potions of curing {unknown}
 l - a potion of haste {unknown}
 m - a potion of cancellation {unknown}
Comestibles
 e - 4 rations {!d}


   Skills:
 - Level 2.1 Dodging
 - Level 2.1 Stealth
 - Level 4.0 Spellcasting
 + Level 4.2 Conjurations
 + Level 3.5 Fire Magic


You had 5 spell levels left.
You knew the following spells:

 Your Spells              Type           Power        Failure   Level  Hunger
a - Flame Tongue          Conj/Fire      ###..        2%          1    None
b - Flaming Arrows        Chrm/Fire      ##......     9%          2    None
c - Conjure Flame         Conj/Fire      ###.....     7%          3    ###....

Your spell library contained the following spells:

 Spells                   Type           Power        Failure   Level  Hunger
 Inner Flame              Hex/Fire       N/A          16%         3    ###....
 Sticky Flame             Conj/Fire      ###.....     22%         4    #####..
 Fireball                 Conj/Fire      ###.......   52%         5    ######.


Dungeon Overview and Level Annotations

Branches:
Dungeon (4/12)
 Temple: D:4-7

Altars:

Annotations:
D:3 3 runed translucent doors


Message History

You hit the crimson imp.
The crimson imp is lightly wounded.
The crimson imp hits you.
* * * LOW HITPOINT WARNING * * *
You hit the crimson imp.
The crimson imp is moderately wounded.
The crimson imp hits you but does no damage.
You hit the crimson imp but do no damage.
The crimson imp is moderately wounded.
The crimson imp barely misses you.
You miss the crimson imp.
The crimson imp is moderately wounded.
The crimson imp hits you.
* * * LOW HITPOINT WARNING * * *
You barely miss the crimson imp.
The crimson imp is lightly wounded.
The crimson imp hits you.
* * * LOW HITPOINT WARNING * * *
The crimson imp hits you.
You die...

#....##..# ....##...#
..###....# ###.....####
...........##
............##
#............#
#..........#.#
#..........#@##
.#.##.#########5.#
....#h ######.######
#.....#####...........#
#....).................#
#....####...............
..# #...>...........
#...............
#...............


You could see a crimson imp.

Vanquished Creatures
  Terence (D:2)
  2 adders
  3 worms
  A leopard gecko (D:2)
  4 orcs
  2 bats (D:2)
  A giant cockroach (D:2)
  A goblin (D:2)
  2 hobgoblins (D:2)
  4 jackals
  3 kobolds (D:2)
  A frilled lizard (D:2)
  4 rats
29 creatures vanquished.

Notes
Turn   | Place    | Note
-------+----------+-------------------------------------------
     0 | D:1      | Lexodia the Avariel Fire Elementalist began the quest for
                  | the Orb.
     0 | D:1      | Reached XP level 1. HP: 10/10 MP: 6/6
   199 | D:2      | Reached XP level 2. HP: 15/15 MP: 2/8
   205 | D:2      | Learned a level 2 spell: Flaming Arrows
   585 | D:2      | Reached XP level 3. HP: 11/19 MP: 0/10
   652 | D:2      | Noticed Terence
   688 | D:2      | Killed Terence
   855 | D:2      | Reached XP level 4. HP: 24/24 MP: 8/12
  1202 | D:3      | Found a runed translucent gate.
  1202 | D:3      | Found a runed translucent gate.
  1202 | D:3      | Found a runed translucent gate.
  1252 | D:3      | Learned a level 3 spell: Conjure Flame
  1452 | D:3      | HP: 1/24 [crimson imp (2)]
  1452 | D:3      | Slain by a crimson imp

Skill      XL: |  1  2  3  4 |
---------------+-------------+-----
Spellcasting   | 3 4 |  4.0
Conjurations   | 2 3 4 |  4.2
Dodging        | |  2.1
Stealth        | |  2.1
Fire Magic     | |  3.5

Action                   |  1- 3 |  4- 6 || total
-------------------------+-------+-------++-------
Melee: Whip              |    19 |    44 ||    63
Throw: Stone             |    26 |    14 ||    40
 Cast: Flame Tongue      |    37 |     2 ||    39
       Flaming Arrows    |     2 |     3 ||     5
       Conjure Flame     |       |     2 ||     2
  Eat: Chunk             |     2 |     2 ||     4
Armor: Robe              |     4 |    14 ||    18
Dodge: Dodged            |    38 |    41 ||    79
